[Event "Titled Tuesday Blitz May 03 Early 2022"]
[White "Warchol, Kamil"]
[Black "Laohawirapap, Prin"]
[WhiteFideId "21858241"]
[BlackFideId "6205003"]
[WhiteElo "1910"]
[BlackElo "1832"]
[Result "0-1"]
[Round "09"]
[TimeControl "180+1"]
[Date "2022.05.03"]
[WhiteClock "0:00:14"]
[BlackClock "0:00:14"]

1. e4 e6 2. Nf3 d5 3. exd5 exd5 4. d4 Nf6 5. Be2 c5 6. O-O Nc6 7. Re1 Be7 8. dxc5 O-O 9. Nbd2 Bxc5 10. Nb3 Bb6 11. Bg5 Bxf2+ 12. Kh1 Bxe1 13. Qxe1 h6 14. Bh4 Re8 15. Qf1 Bf5 16. Nfd4 Bh7 17. Bd3 Nxd4 18. Nxd4 Bxd3 19. Qxd3 Qb6 20. Rf1 Ne4 21. Nf5 Qe6 22. c3 Nd6 23. Nd4 Qe4 24. Qg3 Qg6 25. Qf3 Nc4 26. Qf2 Re4 27. Bg3 Rae8 28. Nf5 Nxb2 29. Qxa7 Nc4 30. Qf2 Re2 31. Qd4 Rd2 32. Qc5 b6 33. Ne7+ Rxe7 34. Qxe7 Qe4 35. Qxf7+ Kh7 36. Qf3 Qxf3 37. gxf3 Rxa2 38. Rd1 Ne3 39. Rb1 Nc4 40. Rd1 Rd2 41. Rc1 b5 42. Bf4 Rd3 43. Kg2 g5 44. Bg3 Rd2+ 45. Kh3 Kg6 46. Rb1 Na3 47. Rb3 Ra2 48. Bd6 Nc4 49. Bg3 Ra5 50. Bc7 Ra7 51. Bg3 Rb7 52. Rb1 h5 53. Rd1 Ne3 54. Rd3 Re7 55. Bf2 g4+ 56. fxg4 Nxg4 57. Bg3 Rd7 58. Kg2 Kf5 59. Rd4 Nf6 60. Rf4+ Kg5 61. Rd4 Ne4 62. Be1 Kf4 63. Bd2+ Ke5 64. Be1 Rc7 65. Rb4 Rc5 66. Kh3 Nxc3 67. Kh4 Rc4+ 68. Rxc4 bxc4 69. Bxc3+ d4 70. Bd2 c3 71. Be1 Ke4 72. Kxh5 Ke3 73. Bh4 d3 74. Bg5+ Ke2 75. h4 d2 76. Bxd2 cxd2 77. Kg6 d1=Q 78. h5 Qa1 79. h6 Qh8 80. Kg5 Kf3 81. Kh5 Ke4 82. Kg6 Kd5 83. Kg5 Ke6 84. Kh5 Kf7 85. Kg5 Qh7 86. Kh5 Kf6 87. Kg4 Qxh6 88. Kf3 Qh4 89. Ke3 Ke5 90. Kd3 Qf4 0-1


[Site "https://www.chess.com"]

[Event "Titled Tuesday Blitz May 03 Early 2022"]
[White "Xu, Yi"]
[Black "Matinian, Nikita"]
[WhiteFideId "8605564"]
[BlackFideId "24129100"]
[WhiteElo "2471"]
[BlackElo "2422"]
[Result "1-0"]
[Round "09"]
[TimeControl "180+1"]
[Date "2022.05.03"]
[WhiteClock "0:00:07"]
[BlackClock "0:00:01"]

1. e4 e5 2. Nf3 Nc6 3. Bc4 Nf6 4. d3 h6 5. O-O d6 6. a4 g5 7. a5 a6 8. Nc3 Bg7 9. Re1 O-O 10. Be3 Be6 11. h3 Ne7 12. Bxe6 fxe6 13. d4 exd4 14. Nxd4 Qd7 15. Qd3 Ng6 16. Rad1 Ne5 17. Qe2 Qf7 18. Rf1 Rae8 19. f4 gxf4 20. Bxf4 Qg6 21. Qe3 Nh5 22. Bh2 Rxf1+ 23. Rxf1 Nc4 24. Qf2 Rf8 25. Nf3 Nxb2 26. Qe1 Nc4 27. e5 Nf4 28. Bxf4 Rxf4 29. Ne2 Re4 30. exd6 cxd6 31. c3 Ne3 32. Rf2 Nf5 33. Qb1 d5 34. Qxb7 Ne3 35. Nfd4 Nd1 36. Rf3 Nxc3 37. Rxc3 Rxd4 38. Rc8+ Kh7 39. Nxd4 Qe4 40. Nf3 Qe3+ 41. Kh1 Qe4 42. Rc7 Qg6 43. Rxg7+ 1-0


[Site "https://www.chess.com"]

[Event "Titled Tuesday Blitz May 03 Early 2022"]
[White "Yuan, Qingyu"]
[Black "Nguyen, Hong Anh"]
[WhiteFideId "8609772"]
[BlackFideId "12406732"]
[WhiteElo "2359"]
[BlackElo "2016"]
[Result "1-0"]
[Round "09"]
[TimeControl "180+1"]
[Date "2022.05.03"]
[WhiteClock "0:00:13"]
[BlackClock "0:00:17"]

1. e4 c5 2. Nf3 Nc6 3. Bc4 g6 4. c3 Bg7 5. d4 cxd4 6. cxd4 d6 7. Nc3 Bg4 8. Bxf7+ Kxf7 9. Ng5+ Ke8 10. Qxg4 Nxd4 11. O-O Qd7 12. Qxd7+ Kxd7 13. Nf7 Nf6 14. Nxh8 Rxh8 15. Rd1 Nc6 16. f3 Rc8 17. Be3 a6 18. Rac1 Nb4 19. a3 Nc6 20. Na4 Rf8 21. Nb6+ Ke8 22. Rc2 Nd7 23. Nd5 Nde5 24. b4 b5 25. f4 Nc4 26. Bc1 Nd4 27. Rf2 Kd7 28. g3 Nb3 29. Be3 Rb8 30. Rd3 e6 31. Rxb3 exd5 32. e5 dxe5 33. fxe5 Bxe5 34. Rf7+ Ke6 35. Rxh7 Rf8 36. Bc5 Rf5 37. Kg2 d4 38. Rf3 Ne3+ 39. Kf2 Nd1+ 40. Ke2 Nc3+ 41. Kf2 Nd1+ 42. Kg2 Ne3+ 43. Rxe3 dxe3 44. Bxe3 Bd6 45. Ra7 Rd5 46. Rxa6 Kf5 47. Kf3 Rd3 48. g4+ Ke6 49. Ke4 Rd1 50. Bf4 Re1+ 51. Kd3 Rd1+ 52. Kc2 Rd4 53. Rxd6+ Rxd6 54. Bxd6 Kxd6 55. Kd3 1-0


[Site "https://www.chess.com"]

[Event "Titled Tuesday Blitz May 03 Early 2022"]
[White "Yurovskykh, Oleksandr"]
[Black "Molina, Roberto Junio Brito"]
[WhiteFideId "14134020"]
[BlackFideId "2109450"]
[WhiteElo "2292"]
[BlackElo "2432"]
[Result "0-1"]
[Round "09"]
[TimeControl "180+1"]
[Date "2022.05.03"]
[WhiteClock "0:00:03"]
[BlackClock "0:00:10"]

1. d4 d5 2. Bf4 e6 3. e3 Bd6 4. Bg3 Bxg3 5. hxg3 Qd6 6. Nd2 Nf6 7. Ngf3 Nbd7 8. Bd3 e5 9. dxe5 Nxe5 10. Nxe5 Qxe5 11. c3 Bd7 12. Qf3 O-O-O 13. Qf4 Qxf4 14. gxf4 h5 15. f3 Rhe8 16. Kf2 c5 17. g3 Kc7 18. Rae1 Re7 19. Bf1 Rde8 20. Bh3 Bc6 21. Bf5 g6 22. Bd3 a5 23. Rh4 a4 24. a3 Kb6 25. Rhh1 Bb5 26. Bc2 Ka5 27. e4 dxe4 28. Nxe4 Nxe4+ 29. fxe4 Bc6 30. Re2 Bxe4 31. Rhe1 f5 32. Bxe4 fxe4 33. c4 b5 34. Rc1 b4 35. Rd1 e3+ 36. Kf3 bxa3 37. bxa3 Re4 38. Rc1 Kb6 39. Rc3 Rd4 40. Rexe3 Rxe3+ 41. Kxe3 Kc6 42. Rc2 Rd1 43. Ke4 Re1+ 44. Kf3 Rb1 45. Ke4 Rb3 46. Rg2 Rxa3 47. Ke5 Rd3 48. Kf6 Rd6+ 49. Kg5 Kb6 50. Rb2+ Ka6 51. Rb8 Ka7 52. Rb5 Ra6 53. Rxc5 a3 54. Rd5 a2 55. Rd1 a1=Q 56. Rxa1 Rxa1 57. Kxg6 Rg1 58. Kxh5 Rxg3 59. f5 Kb6 60. f6 Kc5 61. f7 Rf3 62. Kg6 Kd6 63. c5+ Ke7 64. c6 Rf6+ 65. Kg7 Rxf7+ 66. Kg6 Rf6+ 0-1


[Site "https://www.chess.com"]

[Event "Titled Tuesday Blitz May 03 Early 2022"]
[White "Zhao, Jun"]
[Black "Samant Aditya S"]
[WhiteFideId "8602522"]
[BlackFideId "35080580"]
[WhiteElo "2547"]
[BlackElo "1916"]
[Result "1-0"]
[Round "09"]
[TimeControl "180+1"]
[Date "2022.05.03"]
[WhiteClock "0:00:41"]
[BlackClock "0:00:04"]

1. Nf3 Nf6 2. d4 e6 3. c4 Bb4+ 4. Bd2 c5 5. Bxb4 cxb4 6. Nbd2 O-O 7. e3 d6 8. Be2 Qc7 9. O-O e5 10. a3 bxa3 11. bxa3 Nc6 12. Nb3 Bg4 13. h3 Bh5 14. Nfd2 Bg6 15. Qc1 Rac8 16. Qb2 Rfe8 17. Bf3 a5 18. d5 Nb8 19. e4 Na6 20. Rfe1 a4 21. Nc1 Nc5 22. Re3 Rb8 23. Rb1 Nfd7 24. Na2 f5 25. Nc3 f4 26. Re2 Qa5 27. Qc2 Qa6 28. Rb4 Rec8 29. Bg4 Rc7 30. Bxd7 Nxd7 31. Re1 Nc5 32. Reb1 Ra8 33. Rb6 Qa5 34. Rxd6 Nd7 35. Nb5 Nc5 36. Nxc7 Qxc7 37. Rdb6 Nb3 38. R6xb3 axb3 39. Qxb3 Be8 40. Qxb7 Qxb7 41. Rxb7 Rxa3 42. c5 Rd3 43. Nc4 Rd1+ 44. Kh2 Ba4 45. Nxe5 Rd2 46. Rb8+ 1-0


[Site "https://www.chess.com"]

[Event "Titled Tuesday Blitz May 03 Early 2022"]
[White "Zhu, Jiner"]
[Black "Hamley, Ryan"]
[WhiteFideId "8608059"]
[BlackFideId "30959497"]
[WhiteElo "2281"]
[BlackElo "2512"]
[Result "1-0"]
[Round "09"]
[TimeControl "180+1"]
[Date "2022.05.03"]
[WhiteClock "0:00:16"]
[BlackClock "0:00:04"]

1. e4 c6 2. d4 d5 3. f3 dxe4 4. fxe4 e5 5. Nf3 Bg4 6. c3 Nd7 7. Bd3 Ngf6 8. O-O Bd6 9. Na3 O-O 10. Nc4 Bc7 11. Ne3 Bh5 12. Nf5 Bg6 13. N3h4 Re8 14. Qf3 b5 15. Bg5 Re6 16. Kh1 Nb6 17. Rad1 Nbd7 18. Bb1 Bh5 19. Qxh5 Nxh5 20. Bxd8 Bxd8 21. d5 cxd5 22. exd5 Rb6 23. d6 Rc8 24. Ne7+ Bxe7 25. dxe7 Rb7 26. Rxd7 Rxd7 27. Bf5 Rdc7 28. Bxc8 Rxc8 29. Rd1 Re8 30. Rd8 Nf6 31. Nf5 g6 32. Nd6 1-0


[Site "https://www.chess.com"]

[Event "Titled Tuesday Blitz May 03 Early 2022"]
[White "Aldokhin, Ivan"]
[Black "Laohawirapap, Prin"]
[WhiteFideId "24115720"]
[BlackFideId "6205003"]
[WhiteElo "2231"]
[BlackElo "1832"]
[Result "1-0"]
[Round "10"]
[TimeControl "180+1"]
[Date "2022.05.03"]
[WhiteClock "0:01:36"]
[BlackClock "0:00:11"]

1. e4 e6 2. d4 d5 3. Nd2 c5 4. exd5 Qxd5 5. Ngf3 cxd4 6. Bc4 Qd6 7. O-O Nf6 8. Qe2 Nc6 9. Nb3 Be7 10. Rd1 O-O 11. Nbxd4 Nxd4 12. Rxd4 Qb6 13. c3 Bd7 14. Ne5 Bc6 15. Nxf7 Kxf7 16. Qxe6+ Ke8 17. Bg5 Bd7 18. Qe2 Qc5 19. Re1 Kd8 20. b4 Qxg5 21. Qxe7+ Kc7 22. Qd6+ Kc8 23. Qxf8+ Kc7 24. Qxa8 Qxg2+ 25. Kxg2 Bh3+ 26. Kxh3 Nh5 27. Qd8+ 1-0


[Site "https://www.chess.com"]

[Event "Titled Tuesday Blitz May 03 Early 2022"]
[White "Andreikin, Dmitry"]
[Black "Moiseenko, Alexander"]
[WhiteFideId "4158814"]
[BlackFideId "14102560"]
[WhiteElo "2736"]
[BlackElo "2577"]
[Result "1-0"]
[Round "10"]
[TimeControl "180+1"]
[Date "2022.05.03"]
[WhiteClock "0:00:41"]
[BlackClock "0:00:25"]

1. d4 Nf6 2. c4 e6 3. Nf3 d5 4. g3 Bb4+ 5. Bd2 Bd6 6. Bg2 c6 7. O-O Nbd7 8. Qc2 O-O 9. Rd1 Ne4 10. Be1 f5 11. a4 Qe7 12. a5 a6 13. Nc3 Kh8 14. Na4 g5 15. Nd2 Rb8 16. Nf1 g4 17. f3 Ng5 18. f4 Nh3+ 19. Kh1 Nf6 20. e3 Ne4 21. Nc5 Bd7 22. Nd3 Be8 23. Ne5 Bh5 24. Qe2 Kg7 25. Bxh3 Bg6 26. Bg2 h5 27. Nd2 Rh8 28. Nxe4 fxe4 29. Kg1 Bf5 30. Bf1 Rbg8 31. Ra4 Kf6 32. Rd2 Rb8 33. Qd1 Rhc8 34. Qb3 Rh8 35. Rc2 Kg7 36. Rg2 Kf6 37. Bb4 Rhd8 38. Bxd6 Qxd6 39. Qb6 Rdc8 40. Rc2 Qc7 41. Qxc7 Rxc7 42. Rb4 Ke7 43. Rb6 Rbc8 44. Kf2 1-0


[Site "https://www.chess.com"]

[Event "Titled Tuesday Blitz May 03 Early 2022"]
[White "Arabidze, Meri"]
[Black "Sirosh, Ilja"]
[WhiteFideId "13604040"]
[BlackFideId "4500458"]
[WhiteElo "2335"]
[BlackElo "2241"]
[Result "1-0"]
[Round "10"]
[TimeControl "180+1"]
[Date "2022.05.03"]
[WhiteClock "0:00:48"]
[BlackClock "0:01:16"]

1. Nf3 Nf6 2. g3 g6 3. Bg2 Bg7 4. O-O O-O 5. d4 d5 6. c4 c6 7. cxd5 cxd5 8. Ne5 Ne4 9. Nc3 Nxc3 10. bxc3 Nc6 11. Bf4 Nxe5 12. dxe5 Be6 13. Rb1 Qc7 14. Bxd5 Rfd8 15. c4 Bxe5 16. Rxb7 Qd6 17. Bxe5 Qxe5 18. Rxe7 Kf8 19. Rb7 Bxd5 20. cxd5 Rxd5 21. Qb3 Kg7 22. Rc1 a5 23. Qf3 Rf8 24. Rcc7 Rd1+ 25. Kg2 Qd5 26. e4 1-0


[Site "https://www.chess.com"]

[Event "Titled Tuesday Blitz May 03 Early 2022"]
[White "Araujo Filho, Luiz Antonio Coel"]
[Black "Petrovic, Aleksa"]
[WhiteFideId "2130661"]
[BlackFideId "967629"]
[WhiteElo "2304"]
[BlackElo "2198"]
[Result "0-1"]
[Round "10"]
[TimeControl "180+1"]
[Date "2022.05.03"]
[WhiteClock "0:00:03"]
[BlackClock "0:00:04"]

1. d4 Nf6 2. Nf3 e6 3. e3 b6 4. Bd3 Bb7 5. Nbd2 d5 6. Qe2 Bd6 7. e4 dxe4 8. Nxe4 Nxe4 9. Bxe4 Bxe4 10. Qxe4 Nd7 11. O-O O-O 12. c4 Nf6 13. Qe2 Qc8 14. Bg5 Nd7 15. Rad1 Re8 16. Qc2 h6 17. Bh4 Nf8 18. Rfe1 Ng6 19. Bg3 Qb7 20. c5 Bxg3 21. hxg3 Rad8 22. b4 Rd5 23. a4 Red8 24. Rxe6 fxe6 25. Qxg6 Qc6 26. Re1 Qe8 27. Qg4 Qf7 28. Rxe6 Qf5 29. Qxf5 Rxf5 30. Rc6 Rf7 31. a5 bxa5 32. bxa5 Rb8 33. Ra6 Ra8 34. Ne5 Re7 35. Nc6 Rd7 36. Rxa7 Rxa7 37. Nxa7 Rxd4 38. Nb5 Ra4 39. Nxc7 Rxa5 40. Ne6 Kf7 41. Nd4 Rxc5 42. g4 Kf6 43. f3 Ke5 44. Ne2 Rc2 45. Ng3 g6 46. Kh2 Kf4 47. Nf1 Rf2 48. Ng3 Ra2 49. Nf1 Ra4 50. Ng3 Ra1 51. Nh1 Rf1 52. Ng3 Re1 53. Nh1 h5 54. gxh5 gxh5 55. Ng3 h4 56. Nh5+ Kg5 57. Ng7 Re7 58. f4+ Kg6 0-1


[Site "https://www.chess.com"]

[Event "Titled Tuesday Blitz May 03 Early 2022"]
[White "Avazkhonov, Alikhon"]
[Black "Murthy, Pappu"]
[WhiteFideId "14208504"]
[BlackFideId "2013401"]
[WhiteElo "1739"]
[BlackElo "2046"]
[Result "1-0"]
[Round "10"]
[TimeControl "180+1"]
[Date "2022.05.03"]
[WhiteClock "0:01:49"]
[BlackClock "0:01:06"]

1. e4 e6 2. d4 d5 3. Nd2 c5 4. exd5 Qxd5 5. Ngf3 cxd4 6. Bc4 Qd6 7. O-O Nf6 8. Nb3 Nc6 9. Nbxd4 Be7 10. Nxc6 Qxc6 11. Ne5 Qc7 12. Bb5+ Nd7 13. Bf4 g5 14. Bg3 Qd6 15. Nxd7 Qxd1 16. Raxd1 Bxd7 1-0


[Site "https://www.chess.com"]

[Event "Titled Tuesday Blitz May 03 Early 2022"]
[White "Baches Garcia, Guillermo"]
[Black "Silvestre, Christian"]
[WhiteFideId "2209764"]
[BlackFideId "30956269"]
[WhiteElo "2503"]
[BlackElo "2360"]
[Result "0-1"]
[Round "10"]
[TimeControl "180+1"]
[Date "2022.05.03"]
[WhiteClock "0:00:10"]
[BlackClock "0:00:10"]

1. e4 c6 2. c4 g6 3. Nc3 Bg7 4. d4 c5 5. Nf3 cxd4 6. Nxd4 Nc6 7. Be3 Nf6 8. Be2 O-O 9. O-O d6 10. f3 Bd7 11. Qd2 Rc8 12. Nc2 Qa5 13. Rac1 Rfd8 14. Rfd1 h5 15. Bf1 h4 16. Rb1 h3 17. g3 Ne5 18. Qf2 Nxc4 19. Bxc4 Rxc4 20. Bxa7 Rdc8 21. Bb6 Qa6 22. Bd4 b5 23. a3 Qb7 24. Nb4 Be6 25. Rd3 Nd7 26. Bxg7 Kxg7 27. Rd4 Ne5 28. Rbd1 Qb6 29. Ne2 Rxd4 30. Nxd4 Qc5 31. f4 Ng4 32. Nxe6+ fxe6 33. Qxc5 Rxc5 34. Re1 g5 35. fxg5 Ne5 36. Kf2 Kg6 37. Ke2 Kxg5 38. Rf1 Kg6 39. Rf8 Ng4 40. Rh8 Nxh2 41. Rxh3 Ng4 42. Rh8 Nf6 43. Rb8 Nxe4 44. g4 Nf6 45. Nd3 Rc2+ 46. Ke3 Nd5+ 47. Kd4 Rc4# 0-1


[Site "https://www.chess.com"]

[Event "Titled Tuesday Blitz May 03 Early 2022"]
[White "Bas Mas, Jose Joaquin"]
[Black "Richter, Nils"]
[WhiteFideId "22219064"]
[BlackFideId "12990809"]
[WhiteElo "2212"]
[BlackElo "2243"]
[Result "1/2-1/2"]
[Round "10"]
[TimeControl "180+1"]
[Date "2022.05.03"]
[WhiteClock "0:00:07"]
[BlackClock "0:00:05"]

1. e4 e6 2. Nf3 d5 3. e5 c5 4. b4 cxb4 5. d4 a5 6. a3 Nc6 7. axb4 Bxb4+ 8. c3 Be7 9. Bd3 Bd7 10. O-O a4 11. Na3 Nh6 12. Nb5 Qa5 13. Ba3 Bxa3 14. Rxa3 O-O 15. Qa1 Nxe5 16. Nxe5 Bxb5 17. Bxb5 Qxb5 18. Rb1 Qa5 19. Rxb7 Rfb8 20. Nc6 Rxb7 21. Nxa5 Rxa5 22. h3 Rba7 23. Qa2 Nf5 24. g4 Nd6 25. Qb2 Ra8 26. Ra2 a3 27. Qb4 Nc4 28. f4 g6 29. f5 R5a6 30. Qe7 exf5 31. gxf5 Rb6 32. Qg5 Rb1+ 33. Kf2 Rb2+ 34. Kg3 Rxa2 35. f6 Nd6 36. Qxd5 Nf5+ 37. Kf3 Rc8 38. Qxa2 Rxc3+ 39. Ke4 Rxh3 40. Qc2 Rh4+ 41. Ke5 h5 42. Qc8+ Kh7 43. Qf8 Rxd4 44. Qxf7+ Kh6 45. Qf8+ Kg5 46. Qxa3 Rd7 47. Qc1+ Kg4 48. Qf4+ Kh3 49. Qg5 Ra7 50. Qxg6 Ra5+ 51. Ke4 Ng3+ 52. Kd3 Ra3+ 53. Kc4 h4 54. f7 Rf3 55. Qe6+ Kg2 56. Qe7 h3 57. f8=Q Rxf8 58. Qxf8 h2 59. Qa8+ Kg1 60. Qf3 h1=Q 61. Qxg3+ Qg2 62. Qxg2+ Kxg2 1/2-1/2


[Site "https://www.chess.com"]

[Event "Titled Tuesday Blitz May 03 Early 2022"]
[White "Bashirli, Saadat"]
[Black "Manukian, Artak"]
[WhiteFideId "13429990"]
[BlackFideId "13301373"]
[WhiteElo "1173"]
[BlackElo "2356"]
[Result "0-1"]
[Round "10"]
[TimeControl "180+1"]
[Date "2022.05.03"]
[WhiteClock "0:00:01"]
[BlackClock "0:00:10"]

1. d4 d5 2. c4 dxc4 3. e4 e5 4. Nf3 exd4 5. Nxd4 Bb4+ 6. Nc3 Ne7 7. Bxc4 O-O 8. O-O Nbc6 9. Nxc6 Nxc6 10. Be3 Bxc3 11. bxc3 Qe7 12. f3 Be6 13. Bxe6 Qxe6 14. Qb3 Qxb3 15. axb3 a5 16. Rfd1 Rfd8 17. Kf2 Kf8 18. Bc5+ Ke8 19. Ke3 b6 20. Ba3 Rxd1 21. Rxd1 Rd8 22. Rxd8+ Kxd8 23. g3 Kd7 24. f4 f6 25. Kd3 b5 26. Bc5 Nd8 27. Be3 g6 28. h3 f5 29. e5 Ne6 30. Kc2 Kc6 31. Kd3 h5 32. h4 Kd5 33. c4+ Kc6 34. Kc3 Nf8 35. cxb5+ Kxb5 36. Bd4 Ne6 37. Be3 Kc6 38. Kc4 Nd8 39. Bd2 Nb7 40. Be3 Nd8 41. Bc5 Ne6 42. Ba3 Nd8 43. b4 axb4 44. Bxb4 Ne6 45. Ba3 Kd7 46. Kd5 c6+ 47. Kc4 Nc7 48. Bc1 Nd5 49. Bd2 Ke6 50. Kc5 Kd7 51. Bc1 Nc7 52. Bd2 Ne6+ 53. Kc4 c5 54. Be3 Kc6 55. Bf2 Kb6 56. Kd5 Nc7+ 57. Kd6 Nb5+ 58. Kd5 Nc7+ 59. Kd6 Nb5+ 60. Kd5 Nc3+ 61. Kc4 Ne4 62. e6 Kc6 63. Be3 Kd6 64. e7 Kxe7 65. Bxc5+ Ke6 66. Bd4 Nxg3 67. Bf2 Ne2 68. Be3 Ng3 69. Kd3 Ne4 70. Ke2 Kd5 71. Kf3 Nd6 72. Bc1 Nc4 73. Kg3 Kd4 74. Kf3 Kd3 75. Kg3 Ke2 0-1


[Site "https://www.chess.com"]

[Event "Titled Tuesday Blitz May 03 Early 2022"]
[White "Begunov, Konstantin"]
[Black "Samarth, J Rao"]
[WhiteFideId "4118510"]
[BlackFideId "46652370"]
[WhiteElo "2262"]
[BlackElo "1514"]
[Result "0-1"]
[Round "10"]
[TimeControl "180+1"]
[Date "2022.05.03"]
[WhiteClock "0:00:03"]
[BlackClock "0:00:54"]

1. d4 Nf6 2. c4 g6 3. f3 d5 4. cxd5 Nxd5 5. e4 Nb6 6. Nc3 Bg7 7. Be3 O-O 8. Qd2 c6 9. O-O-O Be6 10. h4 N8d7 11. h5 Nc4 12. Bxc4 Bxc4 13. Bh6 Qa5 14. hxg6 fxg6 15. Bxg7 Kxg7 16. Qh6+ Kf7 17. Qxh7+ Ke8 18. Qxg6+ Bf7 19. Qf5 Qb4 20. Qg5 Nb6 21. Qd2 Nc4 22. Qe2 a5 23. Rd3 a4 24. a3 Qb6 25. Qc2 Na5 26. Nge2 Bc4 27. Re3 Bb3 28. Qd3 Nc4 29. Nf4 Nxe3 30. Qxe3 Rd8 31. Nfe2 Bc4 32. g4 Bxe2 33. Nxe2 Qb3 34. Qxb3 axb3 35. Kd2 Rxf3 36. g5 Kf7 37. Rh7+ Kg6 38. Rxe7 c5 39. d5 c4 40. Rxb7 Rd3+ 41. Kc1 Rf8 42. Rb6+ Kxg5 43. Ng3 Rxg3 44. Kd1 Rf2 45. Ke1 Rxb2 46. d6 Rg1# 0-1


[Site "https://www.chess.com"]

[Event "Titled Tuesday Blitz May 03 Early 2022"]
[White "Bluebaum, Matthias"]
[Black "Vokhidov, Shamsiddin"]
[WhiteFideId "24651516"]
[BlackFideId "14204223"]
[WhiteElo "2550"]
[BlackElo "2611"]
[Result "0-1"]
[Round "10"]
[TimeControl "180+1"]
[Date "2022.05.03"]
[WhiteClock "0:00:07"]
[BlackClock "0:01:01"]

1. d4 Nf6 2. c4 e6 3. Nc3 Bb4 4. e3 O-O 5. Bd3 d5 6. cxd5 exd5 7. a3 Bd6 8. Qc2 a6 9. Nge2 Re8 10. O-O c6 11. f3 c5 12. dxc5 Bxc5 13. Nd4 Nc6 14. Qf2 Bd7 15. Nce2 Ne5 16. Bb1 Qe7 17. b3 Rac8 18. Rd1 g6 19. Ra2 Bd6 20. h3 Rc7 21. Qh4 Nc6 22. Kh1 Nxd4 23. exd4 Nh5 24. Qxe7 Rxe7 25. Kg1 Bb5 26. Kf2 Rxe2+ 27. Rxe2 Bg3+ 28. Kf1 Bf4 29. Kf2 Bxe2 30. Bxf4 Nxf4 31. Re1 Nd3+ 32. Bxd3 Bxd3 33. Re8+ Kg7 34. Rd8 Bc2 35. b4 Bb3 36. g4 Rc3 37. h4 h6 38. g5 hxg5 39. hxg5 Bc4 40. Rd7 b5 41. Kg3 Rxa3 42. Kf4 Rb3 43. Ke5 Rxf3 44. Ra7 Rf5+ 45. Kd6 Rxg5 46. Rxa6 Rf5 47. Kc5 g5 48. Ra8 g4 49. Ra3 Rf3 50. Ra1 g3 51. Rg1 f5 52. Re1 g2 53. Rg1 Rf2 54. Re1 Rf1 55. Re7+ Kf6 56. Rh7 g1=Q 57. Rh6+ Kg7 58. Rg6+ Kxg6 0-1


[Site "https://www.chess.com"]

[Event "Titled Tuesday Blitz May 03 Early 2022"]
[White "Bocharov, Dmitry"]
[Black "Stribuk, Artiom"]
[WhiteFideId "4138716"]
[BlackFideId "13515659"]
[WhiteElo "2541"]
[BlackElo "2259"]
[Result "1-0"]
[Round "10"]
[TimeControl "180+1"]
[Date "2022.05.03"]
[WhiteClock "0:00:57"]
[BlackClock "0:00:02"]

1. d4 Nf6 2. c4 c5 3. d5 b5 4. cxb5 a6 5. bxa6 g6 6. Nc3 Bg7 7. e4 O-O 8. a7 Rxa7 9. Nf3 e6 10. Be2 exd5 11. exd5 d6 12. O-O Na6 13. Nd2 Nc7 14. Nc4 Ba6 15. Bf4 Bxc4 16. Bxc4 Nh5 17. Be3 Qb8 18. Qd2 Qb4 19. Be2 Rb8 20. Bxh5 gxh5 21. Bh6 Qg4 22. h3 Bxh6 23. Qxh6 Qg6 24. Qd2 Nb5 25. Nxb5 Rxb5 26. Rae1 Rb8 27. Re3 h4 28. Rfe1 Rxa2 29. Qc3 Raa8 30. Re4 h5 31. Rxh4 Re8 32. Re3 Rxe3 33. Qxe3 Ra1+ 34. Kh2 Rb1 35. Re4 Rxb2 36. Re8+ Kh7 37. Qc3 Qg7 38. Qf3 Rb4 39. Qxh5+ Qh6 40. Qxf7+ Qg7 41. Qh5+ 1-0


[Site "https://www.chess.com"]

[Event "Titled Tuesday Blitz May 03 Early 2022"]
[White "Bortnyk, Olexandr"]
[Black "Abarca Gonzalez, Nicolas"]
[WhiteFideId "14120828"]
[BlackFideId "3409422"]
[WhiteElo "2723"]
[BlackElo "2504"]
[Result "1-0"]
[Round "10"]
[TimeControl "180+1"]
[Date "2022.05.03"]
[WhiteClock "0:00:07"]
[BlackClock "0:00:04"]

1. d4 Nf6 2. Nc3 d5 3. Bf4 a6 4. e3 g6 5. h4 h6 6. Nf3 Bg7 7. Bd3 c5 8. dxc5 Nc6 9. a3 Bg4 10. Be2 O-O 11. Ne5 Bxe2 12. Qxe2 d4 13. Nxc6 bxc6 14. exd4 Qxd4 15. Be3 Qd7 16. Rd1 Qb7 17. Na4 Nd5 18. O-O Rad8 19. c4 Nc7 20. b4 Ne6 21. Nb6 h5 22. Qf3 Qc7 23. g3 Be5 24. Kg2 f5 25. Rxd8 Rxd8 26. Rd1 Rxd1 27. Qxd1 f4 28. gxf4 Bxf4 29. Qd7 Qe5 30. Qe8+ Kg7 31. Qxe7+ Kh6 32. Nc8 Qe4+ 33. Kf1 Qxc4+ 34. Kg1 Bxe3 35. fxe3 Qc1+ 36. Kf2 Qc2+ 37. Kg3 Qe4 38. Qf6 Qxe3+ 39. Qf3 Qe5+ 40. Kg2 Nf4+ 41. Kf1 Qa1+ 42. Kf2 Qf6 43. Kg3 g5 44. Nd6 gxh4+ 45. Kh2 Qb2+ 46. Kg1 Qd4+ 47. Kf1 Kg5 48. Ne4+ Kf5 49. Nd6+ Kf6 50. Ne4+ Ke5 51. Nf2 Qa1+ 52. Nd1 Qc1 53. Kg1 Qd2 54. Nf2 Qe1+ 55. Kh2 Qe2 56. Qxe2+ Nxe2 57. Kh3 Kd4 58. Kxh4 Nc3 59. Kxh5 Nb1 60. a4 Kc4 61. b5 axb5 62. a5 Kxc5 63. Ne4+ Kd4 64. a6 Kxe4 65. a7 b4 66. a8=Q Nc3 67. Qxc6+ Kd3 68. Qd6+ Kc4 69. Qe6+ Nd5 70. Qe4+ Kc5 71. Qc2+ Kb5 72. Kg5 Ka5 73. Qc5+ Ka4 74. Qxd5 b3 75. Qd4+ Ka3 76. Qa1+ Kb4 77. Kf4 Kc4 78. Qb2 Kd3 79. Qxb3+ 1-0


[Site "https://www.chess.com"]

[Event "Titled Tuesday Blitz May 03 Early 2022"]
[White "Chernomordik, Pavel"]
[Black "Tan, Jun Ying"]
[WhiteFideId "2804530"]
[BlackFideId "5710413"]
[WhiteElo "2220"]
[BlackElo "1827"]
[Result "0-1"]
[Round "10"]
[TimeControl "180+1"]
[Date "2022.05.03"]
[WhiteClock "0:00:11"]
[BlackClock "0:01:00"]

1. e4 Nf6 2. Nc3 d5 3. e5 Nfd7 4. f4 Nb6 5. d4 Bf5 6. Nf3 e6 7. Bd3 Bxd3 8. Qxd3 c5 9. dxc5 Bxc5 10. f5 Nc6 11. fxe6 fxe6 12. Bg5 Be7 13. h4 Qd7 14. O-O-O O-O-O 15. Nb5 Kb8 16. c3 h6 17. Bxe7 Qxe7 18. Qg6 Nd7 19. Rde1 Qe8 20. Qg4 Qe7 21. Nbd4 Nxd4 22. Nxd4 Nc5 23. Qg6 Rhf8 24. b4 Ne4 25. Qxe6 Qc7 26. Nb5 Qc4 27. Rxe4 Qxe4 28. Nd6 Qxg2 29. Rd1 Rf2 30. Qe7 Rc2+ 31. Kb1 Rb2+ 32. Ka1 Rxa2+ 33. Kb1 Qb2# 0-1


[Site "https://www.chess.com"]

[Event "Titled Tuesday Blitz May 03 Early 2022"]
[White "Ciorgovean, Iustin"]
[Black "Melian, Juan Sebastian"]
[WhiteFideId "1242911"]
[BlackFideId "3706575"]
[WhiteElo "2075"]
[BlackElo "1842"]
[Result "0-1"]
[Round "10"]
[TimeControl "180+1"]
[Date "2022.05.03"]
[WhiteClock "0:00:13"]
[BlackClock "0:00:05"]

1. d4 Nf6 2. c4 e6 3. Nc3 Bb4 4. Qc2 d5 5. a3 Be7 6. cxd5 exd5 7. Bg5 c6 8. e3 O-O 9. Bd3 Nbd7 10. h3 Re8 11. Nf3 Ne4 12. Bxe4 dxe4 13. Nxe4 Bxg5 14. Nexg5 Nf6 15. Ne5 Re7 16. O-O h6 17. Ngf3 Be6 18. Rfe1 Rc8 19. b4 Bd5 20. e4 Bxe4 21. Rxe4 Nxe4 22. Qxe4 f6 23. Rc1 fxe5 24. Nxe5 Qd6 25. b5 Rd8 26. bxc6 bxc6 27. Qc2 c5 28. Qxc5 Qxc5 29. Rxc5 Rxd4 30. Ra5 Kh7 31. Nc6 Rd1+ 32. Kh2 Re2 33. Kg3 Rd3+ 34. f3 Rdd2 35. Rxa7 Rxg2+ 36. Kf4 Ra2 37. Ne7 h5 38. Nf5 Rae2 39. h4 Rg6 40. a4 Rb2 41. a5 Rb4+ 42. Ke3 Re6+ 43. Kf2 Rg6 44. Ke3 Ra4 45. Kf2 Rf6 46. Nxg7 Kg6 47. Ne8 Rf5 48. Ra6+ Kh7 49. Nf6+ Kh8 50. Ra8+ Kg7 51. Ne8+ Kh7 52. Ra7+ Kg8 53. Ra8 Raxa5 54. Nf6+ Kf7 55. Rxa5 Rxa5 56. Ne4 Kg6 57. Kg3 Ra1 58. Ng5 Ra5 59. Ne4 Rd5 60. Ng5 Kf5 61. Ne4 Rd1 62. Ng5 Rg1+ 63. Kh2 Ra1 64. Kg3 Ra2 65. Nh3 Ra8 66. Ng5 Rg8 67. Kf2 Kf4 68. Nh3+ Ke5 69. Ng5 Ra8 70. Kg3 Rf8 71. Nh3 Kd4 72. Ng5 Ke3 73. Ne6 Rxf3+ 74. Kg2 Rf5 75. Ng5 Kf4 76. Kh3 Ra5 77. Ne6+ Ke5 78. Ng7 Ra3+ 79. Kg2 Ra7 80. Nxh5 Kf5 81. Ng3+ Kg4 82. Ne2 Ra2 83. Kf2 Kxh4 84. Ke3 Kg5 85. Nd4 Ra3+ 86. Ke4 Ra8 87. Ne6+ Kf6 88. Nc5 Ke7 89. Kd5 Rd8+ 90. Ke5 Rh8 91. Ne4 Rh5+ 92. Kf4 Ke6 93. Ng5+ Kf6 94. Ne4+ Kg6 95. Nd6 Rd5 96. Ne4 Rh5 97. Nd6 Rh4+ 98. Ke5 Ra4 99. Ne4 Ra5+ 100. Ke6 Rb5 101. Nd6 Rh5 102. Ne4 Rh1 103. Nd6 Re1+ 104. Kd5 Kf6 105. Ne4+ Ke7 106. Nc5 Rd1+ 107. Ke5 Rd2 108. Ne4 Re2 109. Kf5 Kd7 110. Ke5 Kc6 111. Kd4 Re1 112. Nc3 Rh1 113. Ne4 Rh4 114. Ke5 Kd7 115. Nf6+ Ke7 116. Nd5+ Kf7 117. Nf4 Rh1 118. Nd5 Re1+ 119. Kd4 Ke6 120. Nc7+ Kd6 121. Nb5+ Kc6 122. Na7+ Kb6 123. Nc8+ Kc7 124. Na7 Rb1 125. Kc5 Rc1+ 126. Kb5 Kb7 0-1


[Site "https://www.chess.com"]